 Dungeon Crawl Stone Soup version 0.29-a0-359-g541a27f54d (webtiles) character file.

Game seed: 7507734354605890255

395 zeratav the Archer (level 6, -4/34 HPs)
             Began as a Deep Elf Hunter on Apr 27, 2022.
             Slain by an ice beast (10 damage)
             ... on level 5 of the Dungeon.
             The game lasted 00:05:34 (4130 turns).

zeratav the Archer (Deep Elf Hunter)                Turns: 4130, Time: 00:05:35

Health: -4/34      AC:  4    Str:  8    XL:     6   Next: 52%
Magic:  8/8        EV: 12    Int: 14    God:
Gold:   256        SH:  5    Dex: 20    Spells: 5/5 levels left

rFire   . . .      SeeInvis .   a - +1 shortbow {bow}
rCold   . . .      Faith    .   (shield currently unavailable)
rNeg    . . .      Spirit   .   b - +0 leather armour
rPois   .          Reflect  +   (no helmet)
rElec   .          Harm     .   k - +0 cloak
rCorr   .          Rampage  .   (no gloves)
Will    .....                   (no boots)
Stlth   ++........              f - amulet of reflection
HPRegen 0.11/turn               (no ring)
MPRegen 0.11/turn               (no ring)

@: no status effects
A: no striking features
a: no special abilities


You were on level 5 of the Dungeon.
You visited 1 branch of the dungeon, and saw 5 of its levels.

You collected 256 gold pieces.


   Skills:
 - Level 1.5 Fighting
 + Level 10.4 Bows
 - Level 2.4 Dodging
 - Level 1.2 Stealth


You had 5 spell levels left.
You didn't know any spells.
Your spell library contained the following spells:

 Spells                   Type           Power      Damage    Failure   Level
 Foxfire                  Conj/Fire      0%         2x1d4     38%         1
 Sting                    Tmut/Pois      0%         1d3       38%         1
 Blink                    Tloc           0%         N/A       54%         2
 Poisonous Vapours        Pois/Air       0%         N/A       54%         2
 Call Canine Familiar     Summ           0%         N/A       77%         3
 Conjure Flame            Conj/Fire      0%         6-21      77%         3
 Frozen Ramparts          Ice            0%         1d2       77%         3
 Inner Flame              Hex/Fire       0%         N/A       77%         3
 Lesser Beckoning         Tloc           0%         N/A       77%         3
 Portal Projectile        Hex/Tloc       0%         N/A       77%         3
 Flame Wave               Conj/Fire      0%         2d4       99%         4
 Ice Form                 Ice/Tmut       0%         N/A       99%         4
 Leda's Liquefaction      Hex/Erth       0%         N/A       99%         4
 Olgreb's Toxic Radiance  Pois           0%         N/A       99%         4
 Summon Ice Beast         Ice/Summ       0%         N/A       99%         4
 Manifold Assault         Tloc           0%         N/A       100%        5

Inventory:

Hand Weapons
 a - a +1 shortbow (weapon) {bow}
 i - a +2 war axe of draining {axe}
   (You found it on level 4 of the Dungeon)
Armour
 b - a +0 leather armour (worn)
 k - a +0 cloak (worn)
   (You found it on level 1 of the Dungeon)
 x - an orb of light
   (You found it on level 5 of the Dungeon)
Jewellery
 f - an amulet of reflection (around neck)
   (You found it on level 3 of the Dungeon)
Scrolls
 c - a scroll of immolation {!r!r}
 e - a scroll of enchant armour
 g - 2 scrolls of vulnerability {!r!r}
 j - a scroll of identify {@r1}
 l - a scroll of magic mapping {!r}
 m - a scroll of noise {!r}
 q - 2 scrolls of teleportation {unknown}
 u - a scroll of fog {unknown}
 w - 2 scrolls of enchant weapon {unknown}
Potions
 d - a potion of ambrosia {unknown}
 h - 2 potions of heal wounds {@q2}
 n - a potion of mutation {unknown}
 o - a potion of lignification {unknown}
 r - a potion of degeneration {unknown}
 s - a potion of attraction {unknown}
 t - a potion of brilliance {unknown}
 v - a potion of haste {unknown}

Dungeon Overview and Level Annotations

Branches:
Dungeon (5/15)
 Temple: D:4-7

Altars:
Gozag
Nemelex Xobeh

.....#####.#.....##..........#
#.
.....#####.#.###.##.########.#
#. ...............#.##.# #.#
#. ...............#.##.# #.#
#. ...............#.##.# #.#
#. ...............#.##.# #.#
#. .....#####.#'##.....# #.#
## ...........#.##.#####
#.#### #.######†###.##.@Y..#
#..... # #.....#.####)...†.#
###... #.#.###.# .####!. #...
#.._..#.# .. #... ###.#.#.#
..# #... #.....#.#####.# #...
###.###....# .# #...
#........# .. ##.. #........#
#..


You could see an ice beast.


Message History

You shoot an arrow. The arrow closely misses the orc.
You shoot an arrow. The arrow closely misses the orc.
The orc barely misses you.
You shoot an arrow. The arrow hits the orc.
You block the orc's attack.
You shoot an arrow. The arrow barely misses the orc.
The orc hits you with a +0 morningstar. You block the ice beast's attack.
HP[-6]
You take 6 damage, and now have 28/34 hp.
You shoot an arrow. The arrow barely misses the orc.
The orc closely misses you.
The ice beast hits you but does no damage.
The orc hits you with a +0 morningstar. The ice beast barely misses you.
HP[-5]
You take 5 damage, and now have 23/34 hp.
You are too injured to fight recklessly!
You are too injured to fight recklessly!
Shoot: a) +1 shortbow {bow}
Press: ? - help, Q - select action Shift-Dir - straight line, f/p - orc
Aim: an orc, wielding a +0 morningstar (heavily wounded, 68% to hit)
You shoot an arrow. The arrow completely misses the orc.
The orc barely misses you. The ice beast closely misses you.
Shoot: a) +1 shortbow {bow}
Press: ? - help, Q - select action Shift-Dir - straight line, f/p - orc
Aim: an orc, wielding a +0 morningstar (heavily wounded, 68% to hit)
You shoot an arrow. The arrow barely misses the orc.
The orc closely misses you. The ice beast barely misses you.
HP[+1] Shoot: a) +1 shortbow {bow}
Press: ? - help, Q - select action Shift-Dir - straight line, f/p - orc
Aim: an orc, wielding a +0 morningstar (heavily wounded, 68% to hit)
You shoot an arrow. The arrow barely misses the orc.
You block the orc's attack. The ice beast barely misses you.
Shoot: a) +1 shortbow {bow}
Press: ? - help, Q - select action Shift-Dir - straight line, f/p - orc
Aim: an orc, wielding a +0 morningstar (heavily wounded, 68% to hit)
You shoot an arrow. The arrow barely misses the orc.
You block the orc's attack.
The ice beast hits you but does no damage.
Shoot: a) +1 shortbow {bow}
Press: ? - help, Q - select action Shift-Dir - straight line, f/p - orc
Aim: an orc, wielding a +0 morningstar (heavily wounded, 68% to hit)
You shoot an arrow. The arrow hits the orc.
You kill the orc!
The ice beast barely misses you.
Shoot: a) +1 shortbow {bow}
Press: ? - help, Q - select action Shift-Dir - straight line, f - ice beast
Aim: an ice beast (lightly wounded, 68% to hit)
You shoot an arrow.
The arrow hits the ice beast but does no damage.
The ice beast closely misses you.
Shoot: a) +1 shortbow {bow}
Press: ? - help, Q - select action Shift-Dir - straight line, f/p - ice beast
Aim: an ice beast (lightly wounded, 68% to hit)
You shoot an arrow.
The arrow hits the ice beast but does no damage.
The ice beast hits you. The ice beast freezes you!
* * * LOW HITPOINT WARNING * * *
HP[-10]
You take 10 damage, and now have 14/34 hp.
MASSIVE DAMAGE!! (PAUSE) Shoot: a) +1 shortbow {bow}
Press: ? - help, Q - select action Shift-Dir - straight line, f/p - ice beast
Aim: an ice beast (lightly wounded, 68% to hit)
You shoot an arrow. The arrow hits the ice beast!
The ice beast hits you but does no damage.
Shoot: a) +1 shortbow {bow}
Press: ? - help, Q - select action Shift-Dir - straight line, f/p - ice beast
Aim: an ice beast (heavily wounded, 68% to hit)
You shoot an arrow. The arrow barely misses the ice beast.
The ice beast hits you.
* * * LOW HITPOINT WARNING * * *
The ice beast freezes you.
* * * LOW HITPOINT WARNING * * *
HP[-8]
You take 8 damage, and now have 6/34 hp.
MASSIVE DAMAGE!! (PAUSE) Shoot: a) +1 shortbow {bow}
Press: ? - help, Q - select action Shift-Dir - straight line, f/p - ice beast
Aim: an ice beast (heavily wounded, 68% to hit)
You shoot an arrow. The arrow hits the ice beast.
The ice beast hits you but does no damage.
Shoot: a) +1 shortbow {bow}
Press: ? - help, Q - select action Shift-Dir - straight line, f/p - ice beast
Aim: an ice beast (heavily wounded, 68% to hit)
You shoot an arrow. The arrow closely misses the ice beast.
The ice beast hits you but does no damage.
HP[+1] Shoot: a) +1 shortbow {bow}
Press: ? - help, Q - select action Shift-Dir - straight line, f/p - ice beast
Aim: an ice beast (heavily wounded, 68% to hit)
You shoot an arrow. The arrow hits the ice beast.
You block the ice beast's attack.
Shoot: a) +1 shortbow {bow}
Press: ? - help, Q - select action Shift-Dir - straight line, f/p - ice beast
Aim: an ice beast (severely wounded, 68% to hit)
You shoot an arrow. The arrow closely misses the ice beast.
The ice beast hits you.
* * * LOW HITPOINT WARNING * * *
The ice beast freezes you!
You die...

Skill      XL: |  1  2  3  4  5  6 |
---------------+-------------------+-----
Bows           | 6 7 8 9 10 | 10.4
Fighting       | |  1.5
Dodging        | |  2.4
Stealth        | |  1.2

Action                   |  1- 3 |  4- 6 || total
-------------------------+-------+-------++-------
 Fire: Shortbow          |    84 |   161 ||   245
  Use: Scroll            |       |     4 ||     4
       Potion            |       |     1 ||     1
Armor: Leather armour    |    17 |    13 ||    30
Dodge: Dodged            |    32 |    37 ||    69
Block: Other             |       |    17 ||    17
       Reflection        |       |     1 ||     1

Levels and vault maps discovered:
D:1:      dpeg_arrival_simpleton_a, layout_rooms, bh_walls_and_bars
D:2:      layout_basic
D:3:      layout_loops_corners, nemelex_diamond_rough_becter,
          dreamdust_ecumenical_altar_statues
D:4:      layout_loops_ring
D:5:      minmay_evil_eye, layout_basic,
          nicolae_gozag_cash_rules_everything_around_me, kennysheep_little_box

Notes
Turn   | Place    | Note
-------+----------+-------------------------------------------
     0 | D:1      | zeratav the Deep Elf Hunter began the quest for the Orb.
     0 | D:1      | Reached XP level 1. HP: 12/12 MP: 3/3
     0 | D:1      | magus.rc [v1.9.6]
   574 | D:2      | Reached skill level 6 in Bows
   574 | D:2      | Reached XP level 2. HP: 9/16 MP: 4/4
   726 | D:2      | Reached XP level 3. HP: 10/20 MP: 5/5
   730 | D:2      | HP: 5/20 [poisoned by an adder]
  1146 | D:2      | Reached skill level 7 in Bows
  1937 | D:3      | You pick up a book of Spatial Translocations and begin
                  | reading...
  1937 | D:3      | You add the spells Blink, Lesser Beckoning and Manifold
                  | Assault to your library.
  2083 | D:3      | Reached XP level 4. HP: 21/25 MP: 6/6
  2188 | D:3      | Found a sparkling altar of Nemelex Xobeh.
  2312 | D:3      | You pick up a book of the Hunter and begin reading...
  2312 | D:3      | You add the spells Call Canine Familiar, Portal Projectile
                  | and Leda's Liquefaction to your library.
  2441 | D:3      | Found a faded altar of an unknown god.
  2689 | D:4      | Reached skill level 8 in Bows
  2870 | D:4      | Reached XP level 5. HP: 29/29 MP: 7/7
  3072 | D:4      | You pick up a book of Rime and begin reading...
  3072 | D:4      | You add the spells Frozen Ramparts, Ice Form and Summon Ice
                  | Beast to your library.
  3121 | D:4      | Reached skill level 9 in Bows
  3183 | D:4      | You add the spells Sting, Poisonous Vapours and Olgreb's
                  | Toxic Radiance to your library.
  3372 | D:5      | Entered Level 5 of the Dungeon
  3538 | D:5      | HP: 4/29 [poisoned by a scorpion]
  3539 | D:5      | Reached XP level 6. HP: 4/34 MP: 8/8
  3736 | D:5      | Reached skill level 10 in Bows
  3809 | D:5      | You pick up a book of Flames and begin reading...
  3809 | D:5      | You add the spells Foxfire, Conjure Flame, Inner Flame and
                  | Flame Wave to your library.
  3857 | D:5      | Found an opulent altar of Gozag.
  4109 | D:5      | Noticed an ice beast
  4126 | D:5      | HP: 6/34 [ice beast (5)]
  4130 | D:5      | Slain by an ice beast

Vanquished Creatures
  2 scorpions (D:5)
  A hound (D:4)
  A jelly (D:4)
  An iguana (D:4)
  4 gnolls (D:5)
  7 adders
  2 worms
  2 dart slugs
  12 orcs
  6 ball pythons
  5 endoplasms
  2 giant cockroaches
  4 goblins
  7 hobgoblins
  2 jackals (D:3)
  7 kobolds
  A quokka (D:3)
  3 bats
  2 frilled lizards (D:2)
  6 rats
77 creatures vanquished.

Table legend:
 A = Non-vault XP
 B = Vault XP
 C = Vault XP percentage of total XP
 D = Non-vault monster count
 E = Vault monster count
 F = Vault count percentage of total count
                 A         B        C        D         E       F
            +---------+---------+-------+---------+---------+-------
      Total |     549 |      16 |   2.8 |      75 |       2 |   2.6
            +---------+---------+-------+---------+---------+-------
        D:1 |      11 |       0 |   0.0 |       6 |       0 |   0.0
        D:2 |      70 |       0 |   0.0 |      20 |       0 |   0.0
        D:3 |      35 |       0 |   0.0 |      18 |       0 |   0.0
        D:4 |     185 |       0 |   0.0 |      17 |       0 |   0.0
        D:5 |     248 |      16 |   6.1 |      14 |       2 |  12.5
            +---------+---------+-------+---------+---------+-------

Illustrated notes

Table legend:
 A = Kills in this place as a percentage of kills in entire the game.
 B = Kills by you in this place as a percentage of kills by you in the entire game.
 C = Kills by friends in this place as a percentage of kills by friends in the entire game.
 D = Other kills in this place as a percentage of other kills in the entire game.
 E = Experience gained in this place as a percentage of experience gained in the entire game.
 F = Experience gained in this place divided by the number of levels of this place that you have seen.
                   A       B       C       D       E      F
               +-------+-------+-------+-------+-------+----------------------
         Total | 100.0 | 100.0 |   N/A |   N/A | 100.0 | 113.0
       Dungeon | 100.0 | 100.0 |   N/A |   N/A | 100.0 | 113.0
               +-------+-------+-------+-------+-------+----------------------

Table legend: (Time is in decaauts)
 A = Elapsed time spent in this place.
 B = Non-inter-level travel time spent in this place.
 C = Inter-level travel time spent in this place.
 D = Time resting spent in this place.
 E = Time spent auto-exploring this place.
 F = Levels seen in this place.
 G = Mean time per level.
                   A        B        C        D        E       F      G
               +--------+--------+--------+--------+--------+-----+--------+
         Total |   4164 |   4072 |     92 |    167 |   3429 |   5 |  832.8 |
       Dungeon |   4164 |   4072 |     92 |    167 |   3429 |   5 |  832.8 |
               +--------+--------+--------+--------+--------+-----+--------+

Top non-repeatable levels by time:
     D:2: 1176 daAuts
     D:3: 837 daAuts
     D:4: 817 daAuts
     D:5: 763 daAuts
     D:1: 570 daAuts
